Map: Bridgehead LE (Void)

Players

wabbajack - Winner!

  • Race: Zerg Zerg
  • League: Grandmaster

Anchimallén

  • Race: Zerg Zerg
  • League: Grandmaster

VOD

Have the link to the VOD?

Description

Time

  • Played on: July 14, 2015, 3:55 p.m.
  • Length: 5:26
Show
View Real Time Build Order
Export as new Build Order

wabbajack Zerg - Winner!

Build Orders: Hatch First 

Get SALT Encoding   

  12  0:01  Drone  
  13  0:09  Drone  
  14  0:25  Extractor  
  14  0:27  Extractor  
  14  0:28  Drone x2  
  16  0:45  Hatchery  
  15  0:51  Drone, Extractor x2  
  15  1:12  Spawning Pool  
  14  1:19  Overlord  
  14  1:23  Drone, Extractor  
  15  1:44  Evolution Chamber  
  14  1:56  Drone x3  
  14  2:00  Queen  
  19  2:04  Queen  
  21  2:14  Zerg Melee Weapons Level 1  
  21  2:20  Drone  
  22  2:33  Metabolic Boost  
  22  2:38  Overlord  
  22  2:44  Drone  
  22  2:45  Drone x2  
  22  2:50  Zergling x4  
  27  2:53  Zergling x2  
  28  3:07  Overlord  
  28  3:14  Drone x2  
  28  3:18  Zergling x2  
  28  3:19  Zergling x10  
  36  3:25  Overlord  
  36  3:59  Drone x2  
  36  4:01  Zergling x10  
  36  4:02  Zergling x12  
  44  4:27  Zergling x2  
  44  4:28  Zergling x16  
  44  4:31  Overlord  
  50  4:44  Hatchery  
Show
View Real Time Build Order
Export as new Build Order

Anchimallén Zerg 

Build Orders: Hatch First 

Get SALT Encoding   

  12  0:01  Drone  
  13  0:14  Overlord  
  13  0:17  Drone  
  14  0:33  Drone x2  
  16  0:37  Drone  
  17  0:56  Hatchery, Drone  
  17  0:59  Extractor  
  16  1:10  Drone  
  17  1:16  Spawning Pool  
  16  1:22  Drone x2  
  18  1:30  Overlord  
  18  1:57  Drone x2  
  20  2:04  Metabolic Boost  
  20  2:08  Queen x2  
  20  2:12  Zergling x2  
  20  2:13  Zergling x2  
  26  2:33  Drone x2  
  26  2:34  Drone x2  
  30  2:39  Overlord  
  30  2:44  Queen  
  30  2:47  Extractor  
  31  2:55  Overlord  
  31  2:59  Pneumatized Carapace  
  31  3:03  Roach Warren  
  30  3:15  Drone x4  
  30  3:16  Drone  
  34  3:43  Roach  
  34  3:44  Roach x3  
  34  3:45  Roach x3  
  47  3:52  Overlord  
  47  3:54  Overlord  
  47  4:06  Lair  
  47  4:12  Drone  
  47  4:13  Evolution Chamber  
  47  4:14  Drone  
  47  4:15  Drone x2  
  50  4:23  Zergling x2  
  43  4:24  Zergling x4  
  43  4:30  Roach x2  
  43  4:44  Roach x4  
  49  4:49  Drone  
  42  4:53  Roach  
  19  5:08  Zergling x6  
Tags
 
Add a new tag
Caveats
  • Supply blocks, unpowered buildings, or Contaminate may cause inaccurate times.
  • Supply counts are checked every 10 seconds.